 Dungeon Crawl Stone Soup version 0.30.1-4-g462c640d31 (webtiles) character file.

Game seed: 7084553774323547474

2839 Babbit the Basher (level 9, -6/79 HPs)
             Began as a Minotaur Fighter on Aug 23, 2023.
             Mangled by an orc warrior
             ... wielding a +0 glaive
              (17 damage)
             ... in a bailey.
             The game lasted 00:30:52 (6250 turns).

Babbit the Basher (Minotaur Fighter)                Turns: 6250, Time: 00:30:53

Health: -6/79      AC: 16    Str: 25    XL:     9   Next: 46%
Magic:  8/8        EV:  7    Int:  5    God:
Gold:   657        SH:  5    Dex: 13    Spells: 8/8 levels left

rFire   + . .        x - +3 mace "Naud" {holy, Fragile rC+ rCorr Dex+3}
rCold   + . .        c - +0 buckler
rNeg    . . .        m - +1 plate armour
rPois   .            (helmet restricted)
rElec   .            D - +0 cloak
rCorr   +            (no gloves)
SInv    .            (no boots)
Will    .....        (no amulet) Stlth
                     e - ring of flight
HPRegen 0.33/turn    y - ring of protection from fire
MPRegen 0.11/turn

%: no passive effects
@: flying
A: horns 2, retaliatory headbutt
a: no special abilities


You were in a bailey.
You visited 1 branch of the dungeon, and saw 8 of its levels.
You also visited: Ossuary and Bailey.

You collected 657 gold pieces.

Inventory:

Hand Weapons
 a - a +0 war axe
 b - the +4 mace of Ypoboeph {freeze, rN+}
   (You found it on level 2 of the Dungeon)

   rN:        It protects you from negative energy.
 x - the +3 mace "Naud" (weapon) {holy, Fragile rC+ rCorr Dex+3}
   (You found it on level 5 of the Dungeon)

   Dex:       It affects your dexterity (+3).
   rC:        It protects you from cold.
   rCorr:     It protects you from acid and corrosion.
   Fragile:   It will be destroyed if unequipped.
 z - a +2 short sword of flaming
Missiles
 B - a curare-tipped dart (quivered)
Armour
 c - a +0 buckler (worn)
 m - a +1 plate armour (worn)
 D - a +0 cloak (worn)
Jewellery
 e - a ring of flight (left hand)
 y - a ring of protection from fire (right hand)
Wands
 d - a wand of mindburst (6)
 u - a wand of digging (1)
 A - a wand of polymorph (7)
Scrolls
 h - a scroll of noise {unknown}
 i - a scroll of enchant weapon {unknown}
 j - a scroll of immolation {unknown}
 q - a scroll of enchant armour
 r - a scroll of fog {unknown}
 t - a scroll of magic mapping {unknown}
Potions
 f - a potion of cancellation {unknown}
 g - a potion of brilliance {unknown}
 k - 2 potions of magic
 l - 2 potions of resistance
 n - 2 potions of flight {unknown}
 p - 3 potions of haste
 s - a potion of lignification {unknown}
 v - a potion of might
 w - a potion of degeneration {unknown}
 C - a potion of mutation {unknown}


   Skills:
 + Level 7.1 Fighting
 + Level 4.0(7.3) Axes
 + Level 9.5(9.8) Maces & Flails
 + Level 9.3 Armour
 + Level 0.6 Dodging
 + Level 0.6 Stealth
 + Level 6.5 Shields


You had 8 spell levels left.
You didn't know any spells.
Your spell library contained the following spells:

 Spells                   Type           Power      Damage    Failure   Level
 Magic Dart               Conj           0%         1d3       100%        1
 Searing Ray              Conj           0%         2d4       100%        2
 Ignite Poison            Fire/Tmut/Pois 0%         N/A       100%        3
 Fulminant Prism          Conj/Hex       0%         3d5       100%        4
 Sticky Flame             Conj/Fire      0%         2d3       100%        4
 Ignition                 Fire           0%         3d3       100%        8


Dungeon Overview and Level Annotations

Branches:
Dungeon (8/15)            Ossuary (visited)          Bailey (1/1)
 Temple: D:4-7         Lair: D:8-11

Altars:
Cheibriados
Gozag
Nemelex Xobeh
Qazlal
Yredelemnul
Zin

Annotations:
Bailey 2 runed translucent doors


Innate Abilities, Weirdness & Mutations

You have a pair of horns on your head.
You reflexively headbutt those who attack you in melee.


Message History

The orc warrior hits you with a +0 halberd.
You hit the orc warrior but do no damage.
Your headbutt misses the orc warrior.
The orc warrior is lightly wounded.
The orc warrior hits you with a +0 halberd!
You sock the orc warrior! You headbutt the orc warrior.
The orc warrior is heavily wounded.
You block the orc warrior's attack. The orc knight barely misses you.
You hit the orc warrior but do no damage.
The orc warrior is heavily wounded.
You block the orc warrior's attack.
The orc knight hits you from afar with a +0 halberd!
You hit the orc warrior.
The orc warrior is heavily wounded.
The orc warrior hits you but does no damage.
You block the orc knight's attack.
You hit the orc warrior but do no damage.
Your headbutt misses the orc warrior.
The orc warrior is heavily wounded.
The orc warrior barely misses you. The orc knight barely misses you.
You hit the orc warrior.
The orc warrior is severely wounded.
The orc warrior hits you with a +0 halberd!!
* * * LOW HITPOINT WARNING * * *
The orc knight hits you from afar with a +0 halberd.
* * * LOW HITPOINT WARNING * * *
The orc warrior barely misses you.
The orc warrior no longer looks unusually strong.
Items here: )) [[ †.
There is a large open door here.
The orc knight roars a battlecry!
The orcs go into a battle-frenzy!
The orc warrior hits you from afar with a +0 halberd!
* * * LOW HITPOINT WARNING * * *
The orc warrior hits you with a +0 halberd.
* * * LOW HITPOINT WARNING * * *
You sock the orc warrior!
You kill the orc warrior!
The orc warrior hits you from afar with a +0 glaive!
You die...

#...≈≈≈≈..####
####..≈≈≈≈≈..#..####
###.....≈≈≈≈...#......
♣♣♣...♣♣..≈≈≈≈...##.....
♣♣......♣..≈≈≈≈....#).###
♣.........######...#)8##$
♣..∩......o........#..#$[
♣.......@o.........'..#[=
♣.........o....)...'..#![
♣..∩.......).).....#..#??
♣.........######...#.8##!
♣♣.........≈≈≈≈....#..# #
♣♣♣....♣..≈≈≈≈.♣.##... .
###.....≈≈≈≈...#......
##.♣..≈≈≈≈♣..#$.####
#...≈≈≈≈≈♣..# ##


You could see an orc knight, an orc warrior (strong) and an orc (strong).

Vanquished Creatures
  Maurice (D:8)
  A hornet (D:7)
  A human (D:6)
  2 steam dragons (D:6)
  A sky beast (D:5)
  A black bear (D:4)
  5 orc warriors
  2 centaurs
  A phantom (D:4)
  A kobold brigand (D:6)
  A human zombie (Ossuary)
  3 orc priests
  A hound (D:6)
  5 jellies
  A gnoll bouda (D:4)
  2 orc wizards (D:5)
  Terence (D:3)
  5 iguanas
  A sleepcap (D:4)
  2 mummies (Ossuary)
  18 gnolls
  8 adders
  3 ufetubi
  2 worms
  The ghost of hawla the Firebug, a weakling MeFE (D:3)
  A dart slug (D:4)
  25 orcs
  3 endoplasms
  7 giant cockroaches
  12 goblins
  6 hobgoblins
  3 jackals (D:2)
  3 quokkas
  6 ball pythons
  2 bats
  4 frilled lizards
  A goblin skeleton (D:6)
  4 goblin zombies (Ossuary)
  7 hobgoblin zombies (Ossuary)
  A jackal skeleton (D:6)
  12 kobolds
  2 orc zombies (Ossuary)
  5 rats
174 creatures vanquished.

Notes
Turn   | Place    | Note
-------+----------+-------------------------------------------
     0 | D:1      | Babbit the Minotaur Fighter began the quest for the Orb.
     0 | D:1      | Reached XP level 1. HP: 19/19 MP: 0/0
   308 | D:1      | Reached XP level 2. HP: 27/27 MP: 1/1
  1007 | D:2      | Reached XP level 3. HP: 33/33 MP: 2/2
  1039 | D:2      | HP: 1/33 [gnoll/+0 whip (3)]
  1225 | D:2      | Reached XP level 4. HP: 29/40 MP: 3/3
  1461 | D:2      | Identified the +4 mace of Ypoboeph {freeze, rN+}
  1691 | D:3      | Reached XP level 5. HP: 46/46 MP: 4/4
  1789 | D:3      | Found a sparkling altar of Nemelex Xobeh.
  1820 | D:3      | Noticed Terence
  1825 | D:3      | Killed Terence
  2008 | D:3      | Found a faded altar of an unknown god.
  2107 | D:3      | Found a stormy altar of Qazlal.
  2189 | D:3      | Found a runed translucent door.
  2190 | D:3      | Noticed hawla's ghost (weakling MeFE)
  2200 | D:3      | Killed hawla's ghost
  2432 | D:4      | Reached skill level 1 in Maces & Flails
  2434 | D:4      | Reached skill level 5 in Armour
  2498 | D:4      | Reached XP level 6. HP: 46/53 MP: 5/5
  2501 | D:4      | Reached skill level 5 in Shields
  2671 | D:4      | Identified the +7 dagger of Tension {flame, Dex+4}
  2839 | D:4      | Found a glowing silver altar of Zin.
  2869 | D:4      | Found an opulent altar of Gozag.
  2935 | D:4      | Reached XP level 7. HP: 43/60 MP: 6/6
  3007 | D:4      | Reached skill level 5 in Fighting
  3207 | D:5      | Entered Level 5 of the Dungeon
  3301 | D:5      | Reached skill level 5 in Maces & Flails
  3416 | D:5      | Identified the +3 mace "Naud" {holy, Fragile rC+ rCorr
                  | Dex+3}
  4080 | D:6      | Reached XP level 8. HP: 59/69 MP: 7/7
  4257 | D:6      | Found a sand-covered staircase.
  4266 | Ossuary  | Entered an ossuary
  5172 | D:6      | Found a runed translucent door.
  5179 | D:6      | Found a basalt altar of Yredelemnul.
  5546 | D:7      | Noticed a hornet
  5558 | D:7      | Killed a hornet
  5630 | D:7      | Reached XP level 9. HP: 15/78 MP: 8/8
  5634 | D:7      | Found a snail-covered altar of Cheibriados.
  5640 | D:7      | HP: 3/78 [poisoned by a kobold]
  5953 | D:8      | Found a flagged portal.
  5954 | D:8      | Noticed Maurice
  5968 | D:8      | Killed Maurice
  6003 | Bailey   | Entered a bailey
  6188 | Bailey   | Found a large runed translucent door.
  6188 | Bailey   | Found a large runed translucent door.
  6189 | Bailey   | Noticed a deep elf pyromancer
  6206 | Bailey   | Noticed an orc knight
  6250 | Bailey   | Mangled by an orc warrior

Illustrated notes

Levels and vault maps discovered:
D:1:      amcnicky_arrival_feature_with_door, layout_basic
D:2:      layout_rooms, grunt_decor_one_mirror
D:3:      layout_loops_corners, mainiacjoe_overflow_tiny_flanked,
          old_standard_altar, dreamdust_ecumenical_altar_hidden_monk_grotto,
          gammafunk_ghost_grave, uniq_terence
D:4:      layout_rooms, pdpol_temple_overflow_zin_treasury_gozag_greed,
          nicolae_concentric_dashed_squares_wild
D:5:      layout_rooms
D:6:      dreamdust_elfheim, layout_basic, dk_yredelemnul_ordeal,
          nicolae_ossuary_entry_ruins
D:7:      layout_rooms, okawaru_gym_becter, mainiacjoe_overflow_catwalk,
          minmay_temple_entry_overgrown
D:8:      layout_basic, lemuel_round_altar, mainiacjoe_overflow_24_doors,
          trog_ov_bears_minmay, enter_bailey_5, serial_curves, eino_curves_02,
          eino_curves_01, minmay_misc_feat_x, uniq_joseph, uniq_gastronok,
          uniq_maurice
Bailey:   bailey_polearm_elven_captive_hellmonk, bailey

Skill      XL: |  1  2  3  4  5  6  7  8  9 |
---------------+----------------------------+-----
Armour         | 4 5 6 7 8 9 |  9.3
Shields        | 4 5 6 |  6.5
Axes           | 3 4 |  4.0
Fighting       | 4 5 6 7 |  7.1
Maces & Flails | 2 4 5 8 9 |  9.5
Dodging        | |  0.6
Stealth        | |  0.6

Action                     |  1- 3 |  4- 6 |  7- 9 || total
---------------------------+-------+-------+-------++-------
  Melee: War axe           |    62 |    20 |       ||    82
         Headbutt          |    10 |    19 |    49 ||    78
         Mace              |       |    86 |   255 ||   341
    Use: Potion            |     1 |       |     1 ||     2
         Scroll            |       |       |     8 ||     8
 Armour: Scale mail        |    30 |       |       ||    30
         Plate armour      |       |    65 |   186 ||   251
  Dodge: Dodged            |    35 |    30 |    94 ||   159
  Block: Buckler           |    24 |    34 |    73 ||   131
